 Dungeon Crawl Stone Soup version 0.31.0-12-g77e489cdc1 (webtiles) character file.

Game seed: 15392777445103625037

2748 Aldia the Grappler (level 9, -3/68 HPs)
             Began as a Merfolk Shapeshifter on Feb 12, 2024.
             Was a Follower of the Shining One.
             Slain by a gnoll bouda
             ... wielding a +0 quarterstaff
              (6 damage)
             ... on level 7 of the Dungeon.
             The game lasted 00:10:44 (6763 turns).

Aldia the Grappler (Merfolk Shapeshifter)           Turns: 6763, Time: 00:10:44

Health: -3/68      AC:  2    Str: 18    XL:     9   Next: 68%
Magic:  9/9        EV: 19    Int:  9    God:    the Shining One [*.....]
Gold:   413        SH:  0    Dex: 14    Spells: 8/8 levels left

rFire   . .          .
                       - Unarmed
rCold   + . .        (shield currently unavailable)
rNeg    . . .        a - melded +0 animal skin
rPois   .            b - +1 helmet of Miracles {rC+ Slay+5}
rElec   .            y - scarf {repulsion}
rCorr   .            (no gloves)
SInv    +            (no boots)
Will    .....        (no amulet)
Stlth   +            p - ring of see invisible
HPRegen 0.31/turn    (no ring)
MPRegen 0.11/turn

%: repel missiles
@: flux-form, weakened, glowing
A: glow, contaminating, (nimble swimmer 2), mertail
a: Begin Untransformation, Renounce Religion, Divine Shield


You were on level 7 of the Dungeon.
You worshipped the Shining One.
The Shining One was aware of your devotion.
You were something dangerously unstable.
You visited 2 branches of the dungeon, and saw 8 of its levels.

You collected 478 gold pieces.
You spent 65 gold pieces at shops.

Inventory:

Hand Weapons
 l - a +0 long sword
 r - a +2 short sword of electrocution
 t - a +2 rapier of electrocution
Missiles
 B - a throwing net (quivered)
Armour
 a - a +0 animal skin (melded)
 b - the +1 helmet of Miracles (worn) {rC+ Slay+5}
   (You took it off Robin on level 4 of the Dungeon)

   Slay+5:    It affects your accuracy & damage with ranged weapons and melee
   (+5).
   rC+:       It protects you from cold.
 y - a scarf of repulsion (worn)
Jewellery
 p - a ring of see invisible (left hand)
 v - an amulet of faith
Talismans
 c - a beast talisman
 d - a flux talisman (active)
 C - a serpent talisman
Scrolls
 h - a scroll of torment {unknown}
 i - 2 scrolls of enchant armour
 j - 4 scrolls of teleportation
 m - a scroll of fog {unknown}
 o - 2 scrolls of fear
 q - a scroll of poison {unknown}
 s - a scroll of immolation {unknown}
 w - 2 scrolls of noise {unknown}
 x - 2 scrolls of blinking {unknown}
Potions
 e - a potion of resistance
 f - 3 potions of enlightenment
 g - 2 potions of curing
 n - a potion of ambrosia {unknown}
 u - a potion of attraction {unknown}
 z - a potion of haste {unknown}
 A - a potion of cancellation {unknown}


   Skills:
 + Level 5.6 Fighting
 - Level 2.2 Throwing
 + Level 8.2 Dodging
 * Level 10.2 Unarmed Combat
 + Level 0.0 Invocations
 - Level 7.0 Shapeshifting


You had 8 spell levels left.
You didn't know any spells.
Your spell library contained the following spells:

 Spells                   Type           Power      Damage    Failure   Level
 Foxfire                  Conj/Fire      0%         2x1d4     38%         1
 Cigotuvi's Dreadful Rot  Necr/Alch/Air  0%         N/A       52%         2
 Sublimation of Blood     Necr           0%         N/A       52%         2
 Brom's Barrelling Bould  Conj/Erth      0%         2d3       99%         4
 Ignite Poison            Fire/Alch      0%         N/A       99%         4
 Petrify                  Alch/Erth      0%         N/A       99%         4
 Fireball                 Conj/Fire      0%         3d3       100%        5
 Freezing Cloud           Conj/Ice/Air   0%         6-21      100%        5
 Irradiate                Conj/Alch      0%         3d11      100%        5
 Iskenderun's Battlesphe  Conj           0%         2d6       100%        5
 Conjure Ball Lightning   Conj/Air       0%         3x3d6     100%        6
 Plasma Beam              Fire/Air       0%         2x1d10    100%        6
 Starburst                Conj/Fire      0%         6d3       100%        6
 Orb of Destruction       Conj           0%         9d5       100%        7


Dungeon Overview and Level Annotations

Branches:
Dungeon (7/15)             Temple (1/1) D:5

Altars:
Ashenzari
Fedhas
Gozag
Hepliaklqana
Kikubaaqudgha
Makhleb
Nemelex Xobeh
Okawaru
Qazlal
Sif Muna
Trog
Uskayaw
Vehumet
Xom
Zin
The Shining One

Shops:
D:1 !


Innate Abilities, Weirdness & Mutations

You are something dangerously unstable.
You glow with magical radiation, making you easy to see and hit.
Foes you strike become dangerously contaminated with magical radiation.
You are incapable of wielding weapons or throwing items.
((You are very nimble when in or above water. (Stealth+, EV+, Speed+++)))
Your lower body shifts to a powerful aquatic tail in water.


Message History

The yak shudders as magic cascades through it.
The yak twists and deforms.
The yak is severely wounded.
The gnoll bouda gazes fiercely through you!
You feel your attacks grow feeble. The yak barely misses you.
You hit the yak.
The yak begins to glow.
The yak is lightly wounded.
The yak gores you but does no damage.
Okay, then.
Okay, then.
You hit the yak.
The yak glows dangerously bright.
The yak is lightly wounded.
The yak completely misses you. The yak misses you.
You hit the yak.
The yak begins to glow.
The yak is almost dead.
The yak gores you!
The gnoll bouda gazes fiercely through you!
You feel as though you will be weak longer.
The yak gores you! x2
* * * LOW HITPOINT WARNING * * *
You are too injured to fight recklessly!
Unknown command.
You are too injured to fight recklessly!
Unknown command.
You are too injured to fight recklessly!
Unknown command.
You are too injured to fight recklessly!
You punch the yak!
You kill the yak!
The yak barely misses you. The yak gores you!
* * * LOW HITPOINT WARNING * * *
You hit the gnoll bouda.
The gnoll bouda begins to glow.
The gnoll bouda is lightly wounded.
You hit the gnoll bouda but do no damage.
The gnoll bouda glows dangerously bright.
The gnoll bouda is lightly wounded.
The yak completely misses you. The yak closely misses you.
The gnoll bouda hits you with a +0 quarterstaff.
You die...

#....###.......
...............
............... ....
...............
#....................
###...... ....(.s......
.......... ##.gYY..#
............#...p#
...........###..##
....# ......~....####
..### ......~.......#
..#.##......≈.......#.
.........[.#≈#.........
..#...##...#≈#......##.
..#...##...#≈#.......#
.......#...###.......#


You could see 2 yaks, a gnoll bouda (heavy contam) and a scorpion.

Vanquished Creatures
  Pikel (D:4)
  A yak (D:7)
  Edmund (D:5)
  Duvessa (D:5)
  3 orc warriors
  A sky beast (D:7)
  A centaur (D:5)
  An ogre (D:5)
  A phantom (D:5)
  7 wights (D:6)
  Dowan (D:5)
  A howler monkey (D:5)
  2 hounds
  3 jellies
  3 orc priests
  A gnoll bouda (D:6)
  7 orc wizards
  An iguana (D:5)
  Robin (D:4)
  8 adders
  18 gnolls
  A white imp (D:6)
  An ufetubus (D:7)
  2 ribbon worms (D:2)
  6 dart slugs
  22 orcs
  8 ball pythons
  6 endoplasms
  3 giant cockroaches
  11 goblins
  8 hobgoblins
  4 jackals (D:1)
  4 quokkas
  4 bats
  7 frilled lizards
  5 kobolds
  4 rats
160 creatures vanquished.

Notes
Turn   | Place    | Note
-------+----------+-------------------------------------------
     0 | D:1      | Aldia the Merfolk Shapeshifter began the quest for the Orb.
     0 | D:1      | Reached XP level 1. HP: 15/15 MP: 1/1
    75 | D:1      | Found Turyegh Koigh's Distillery.
   279 | D:1      | Reached XP level 2. HP: 21/21 MP: 2/2
  1000 | D:1      | Bought a potion of heal wounds for 65 gold pieces
  1050 | D:2      | Reached XP level 3. HP: 15/27 MP: 3/3
  1123 | D:2      | Reached skill level 4 in Unarmed Combat
  1194 | D:2      | Found a faded altar of an unknown god.
  1655 | D:2      | Reached XP level 4. HP: 33/33 MP: 4/4
  2127 | D:3      | Found an ancient bone altar of Kikubaaqudgha.
  2499 | D:3      | Found a hide-covered altar of Uskayaw.
  2617 | D:3      | Found a glowing silver altar of Zin.
  2628 | D:4      | Identified the +1 helmet of Miracles {rC+ Slay+5}
  2628 | D:4      | Noticed Robin
  2685 | D:4      | Killed Robin
  2688 | D:4      | Reached XP level 5. HP: 38/38 MP: 5/5
  2768 | D:4      | Noticed a lemure
  2768 | D:4      | Noticed a lemure
  2768 | D:4      | Noticed a lemure
  2832 | D:4      | Noticed a lemure
  2833 | D:4      | Noticed Pikel
  2866 | D:4      | Reached skill level 5 in Shapeshifting
  2971 | D:4      | Killed Pikel
  2972 | D:4      | Reached skill level 6 in Unarmed Combat
  2972 | D:4      | Reached XP level 6. HP: 20/44 MP: 6/6
  2972 | D:4      | Reached XP level 7. HP: 23/50 MP: 7/7
  3088 | D:4      | Reached skill level 5 in Dodging
  3903 | D:5      | Entered Level 5 of the Dungeon
  3931 | D:5      | Noticed Dowan
  3932 | D:5      | Noticed Duvessa
  3944 | D:5      | Killed Duvessa
  3945 | D:5      | Reached skill level 7 in Unarmed Combat
  3958 | D:5      | Killed Dowan
  3959 | D:5      | Reached XP level 8. HP: 12/57 MP: 8/8
  4176 | D:5      | Found a staircase to the Ecumenical Temple.
  4188 | Temple   | Entered the Ecumenical Temple
  4197 | Temple   | Became a worshipper of the Shining One
  4508 | D:5      | Found an opulent altar of Gozag.
  4508 | D:5      | Found a sparkling altar of Nemelex Xobeh.
  4519 | D:5      | Reached skill level 8 in Unarmed Combat
  4592 | D:5      | Noticed Edmund
  4600 | D:5      | Killed Edmund
  4755 | D:5      | Found a stormy altar of Qazlal.
  4956 | D:5      | Found a bloodstained altar of Trog.
  5218 | D:6      | Reached skill level 9 in Unarmed Combat
  5218 | D:6      | Reached XP level 9. HP: 43/66 MP: 9/9
  6037 | D:6      | Found a burning altar of Makhleb.
  6256 | D:6      | Reached skill level 5 in Fighting
  6268 | D:6      | Reached skill level 1 in Throwing
  6428 | D:6      | Reached * piety under the Shining One
  6456 | D:6      | Found an iron altar of Okawaru.
  6552 | D:7      | Reached skill level 10 in Unarmed Combat
  6694 | D:7      | Identified the +4 short sword of the Eleven Tales {speed,
                  | *Corrode rPois Str+3 Dex+4 Stlth+}
  6761 | D:7      | HP: 3/68 [yak (16)]
  6763 | D:7      | Slain by a gnoll bouda

Illustrated notes

Levels and vault maps discovered:
D:1:      saegor_arrival_simple_c, layout_basic, serial_shops,
          nicolae_diamond_shop
D:2:      layout_basic, shapermc_ecumenical_altar_mp_highgroup
D:3:      layout_loops_cross, kiku_gazebo_garden_becter,
          mainiacjoe_overflow_swirl, minmay_tree_intersection
D:4:      layout_gridville, hangedman_glass_teeth, uniq_robin, uniq_pikel
D:5:      layout_basic, trog_butcher_becter, grunt_temple_overflow_opulence,
          mainiacjoe_overflow_concentric_impassable, minmay_temple_entry_wispy,
          uniq_duvessa, uniq_edmund
D:6:      layout_basic, kennysheep_okawaru_gauntlet, lemuel_crystal_altar,
          serial_glass, glass_columns_a, glass_columns_a, item_on_display_a,
          feat_on_display, minmay_strange_pillars
D:7:      layout_cave_pools, chei_slow_surprise, chequers_serial_rivers_micro_b,
          minmay_misc_feat_rugged, dreamdust_gnoll_shepherd
Temple:   nicolae_temple_ecumenical_triangle

Skill      XL: |  1  2  3  4  5  6  7  8  9 |
---------------+----------------------------+-----
Dodging        | 3 4 5 7 8 |  8.2
Unarmed Combat | 4 6 7 9 10 | 10.2
Fighting       | 2 4 5 |  5.6
Shapeshifting  | 6 7 |  7.0
Throwing       | 2 |  2.2

Action                     |  1- 3 |  4- 6 |  7- 9 || total
---------------------------+-------+-------+-------++-------
  Melee: Unarmed           |    94 |    85 |   302 ||   481
         Punch             |     3 |     2 |     1 ||     6
    Use: Scroll            |     4 |     3 |       ||     7
         Potion            |     1 |     2 |     2 ||     5
   Stab: Sleeping          |     1 |     2 |       ||     3
 Armour: Animal skin       |    39 |    39 |     6 ||    84
         Skin              |       |    37 |   114 ||   151
  Dodge: Dodged            |    56 |    61 |   248 ||   365
         Repelled          |       |       |     2 ||     2
   Form: Flux              |       |       |     1 ||     1
